 Dungeon Crawl Stone Soup version 0.31-a0-217-g58bb5d79cf (webtiles) character file.

Game seed: 14924386142983826809

35 qw the Shooter (level 3, 0/21 HPs)
             Began as a Gargoyle Hexslinger on July 2, 2023.
             Slain by a gnoll
             ... wielding a +0 flail
              (8 damage)
             ... on level 2 of the Dungeon.
             The game lasted 00:00:19 (993 turns).

qw the Shooter (Gargoyle Hexslinger)                 Turns: 993, Time: 00:00:20

Health: 0/21       AC:  8    Str: 11    XL:     3   Next: 35%
Magic:  4/4        EV: 10    Int: 13    God:
Gold:   741        SH:  0    Dex: 14    Spells: 3/4 levels left

rFire   . . .        Y - +1 sling
rCold   . . .        (no shield)
rNeg    + . .        d - +0 ring mail
rPois   inf          (no helmet)
rElec   +            (no cloak)
rCorr   .            (no gloves)
SInv    .            (no boots)
Will    .....        (no amulet)
Stlth   +            (no ring)
HPRegen 0.23/turn    (no ring)
MPRegen 0.09/turn

%: no passive effects
@: no status effects
A: sickness immunity, AC +3, negative energy resistance 1, electricity
resistance, torment resistance 1, petrification resistance
a: no special abilities


You were on level 2 of the Dungeon.
You visited 1 branch of the dungeon, and saw 2 of its levels.

You collected 1254 gold pieces.
You spent 513 gold pieces at shops.


Innate Abilities, Weirdness & Mutations

You are immune to sickness and miasma.
Your stone body is resilient. (AC +3)
You are immune to poison.
You resist negative energy. (rN+)
You are resistant to electric shocks. (rElec)
You are resistant to unholy torment.
You are immune to petrification.


   Skills:
 - Level 2.2 Fighting
 + Level 3.1 Ranged Weapons
 - Level 1.5 Dodging
 - Level 1.0 Spellcasting
 - Level 2.6 Hexes


You had 3 spell levels left.
You knew the following spells:

 Your Spells              Type           Power      Damage    Failure   Level
a - Slow                  Hex            28%        N/A       22%         1

Your spell library contained the following spells:

 Spells                   Type           Power      Damage    Failure   Level
 Inner Flame              Hex/Fire       4%         N/A       75%         3
 Portal Projectile        Hex/Tloc       8%         N/A       75%         3
 Cause Fear               Hex            3%         N/A       92%         4

Inventory:

Hand Weapons
 Y - a +1 sling (weapon)
Armour
 b - a +0 helmet
 c - a +2 leather armour of poison resistance
 d - a +0 ring mail (worn)
 e - a +3 leather armour
Scrolls
 a - a scroll of teleportation
Potions
 f - a potion of lignification {unknown}
 h - a potion of enlightenment {unknown}
 j - a potion of curing {unknown}
 k - a potion of degeneration {unknown}
 l - a potion of cancellation {unknown}

Dungeon Overview and Level Annotations

Branches:
Dungeon (2/15)

Altars:

Shops:
D:2 [


Message History

A quokka comes into view.
You shoot a sling bullet. The sling bullet hits the hobgoblin!
You kill the hobgoblin!
You shoot a sling bullet.
The sling bullet closely misses the rat.
The rat bites you but does no damage.
You shoot a sling bullet.
The sling bullet closely misses the rat.
A bat comes into view.
The rat completely misses you.
The bat moves out of view.
986 ||| Stepping ~*~*~tactically~*~*~ (outnumbered).
You shoot a sling bullet.
The sling bullet closely misses the rat.
The sling bullet hits the gnoll.
The gnoll is lightly wounded.
The rat bites you but does no damage.
You shoot a sling bullet. The sling bullet hits the rat.
You kill the rat!
The gnoll misses you.
You shoot a sling bullet. The sling bullet hits the gnoll.
The gnoll is moderately wounded.
The gnoll barely misses you.
You shoot a sling bullet.
The sling bullet barely misses the gnoll.
The sling bullet hits the quokka.
The quokka is heavily wounded.
The gnoll hits you with a +0 flail! The gnoll hits you with a +0 flail.
You shoot a sling bullet.
The sling bullet hits the gnoll but does no damage.
The gnoll is moderately wounded.
The gnoll closely misses you.
You shoot a sling bullet.
The sling bullet completely misses the gnoll.
The sling bullet barely misses the quokka.
The sling bullet closely misses the bat.
The gnoll barely misses you.
You shoot a sling bullet. The sling bullet hits the gnoll.
The gnoll is heavily wounded.
The gnoll closely misses you. The gnoll hits you with a +0 flail!
You die...

###### ......
############# #.......#
## #.......# .# #
#.....[.# #.#####
#####.......#####.......
....'.......%...@.#
#####.......####g## ..#
#.......# #rK.K..# ..#
#.......# #b.##..# ..#
#.......# #.## # ..#
######### #.# ### ..#
#.# #..


You could see a gnoll, a quokka, a bat and a kobold.

Vanquished Creatures
  An adder (D:2)
  A worm (D:2)
  3 ball pythons (D:1)
  3 endoplasms
  A giant cockroach (D:1)
  3 goblins (D:1)
  3 hobgoblins
  2 jackals (D:1)
  A frilled lizard (D:1)
  A kobold (D:1)
  2 rats
21 creatures vanquished.

Notes
Turn   | Place    | Note
-------+----------+-------------------------------------------
     0 | D:1      | qw the Gargoyle Hexslinger began the quest for the Orb.
     0 | D:1      | Reached XP level 1. HP: 12/12 MP: 2/2
     0 | D:1      | 0 ||| qw: Version: 0.3-a-40-ge99b1a8
     0 | D:1      | 0 ||| qw: Game counter: 33
     0 | D:1      | 0 ||| qw: Melee chars always use a shield: true
     0 | D:1      | 0 ||| qw: God list: Okawaru
     0 | D:1      | 0 ||| qw: Allow faded altars: false
     0 | D:1      | 0 ||| qw: Do Orc after clearing Dungeon:15 true
     0 | D:1      | 0 ||| qw: Do second Lair branch before Depths: true
     0 | D:1      | 0 ||| qw: Lair rune preference: random
     0 | D:1      | 0 ||| qw: Goals: Normal
     0 | D:1      | 0 ||| PLANNING D:1-11
    99 | D:1      | Reached XP level 2. HP: 10/16 MP: 3/3
   270 | D:1      | Reached skill level 3 in Ranged Weapons
   627 | D:1      | You fall into a shaft and drop 1 floor!
   636 | D:2      | 636 ||| UPGRADING to +0 ring mail.
   646 | D:2      | 646 ||| DROPPING +0 robe.
   647 | D:2      | 647 ||| READING scroll labelled KATHRE SOPIOSA.
   648 | D:2      | 648 ||| READING scroll labelled JYDOJA FUDUD.
   648 | D:2      | Identified a scroll of acquirement
   648 | D:2      | 648 ||| ACQUIRING 1169 gold pieces
   648 | D:2      | Acquired 1169 gold pieces
   649 | D:2      | 649 ||| READING scroll labelled TUFAECWIRAE.
   654 | D:2      | 654 ||| DROPPING scroll of poison.
   846 | D:2      | Found Aqoy's Armour Shoppe.
   854 | D:2      | 854 ||| BUYING +0 helmet (58 gold).
   854 | D:2      | Bought a +0 helmet for 58 gold pieces
   854 | D:2      | 854 ||| BUYING +2 leather armour of poison resistance (208
                  | gold).
   854 | D:2      | Bought a +2 leather armour of poison resistance for 208
                  | gold pieces
   854 | D:2      | 854 ||| BUYING +3 leather armour (247 gold).
   854 | D:2      | Bought a +3 leather armour for 247 gold pieces
   881 | D:2      | Reached XP level 3. HP: 11/21 MP: 4/4
   986 | D:2      | 986 ||| Stepping ~*~*~tactically~*~*~ (outnumbered).
   993 | D:2      | Slain by a gnoll

Levels and vault maps discovered:
D:1:      scummos_arrival_hexagon, layout_basic
D:2:      layout_basic, serial_shops, shop, minmay_misc_feat_cross,
          minmay_close_crescents

Skill      XL: |  1  2 |
---------------+-------+-----
Ranged Weapons | 3 |  3.1
Fighting       | 2 |  2.2
Dodging        | |  1.5
Spellcasting   | |  1.0
Hexes          | |  2.6

Action                     || total
---------------------------++-------
   Fire: Sling             ||    77
    Use: Scroll            ||     3
 Armour: Robe              ||     2
         Ring mail         ||     8
  Dodge: Dodged            ||    22

Table legend:
 A = Non-vault XP
 B = Vault XP
 C = Vault XP percentage of total XP
 D = Non-vault monster count
 E = Vault monster count
 F = Vault count percentage of total count
                 A         B        C        D         E       F
            +---------+---------+-------+---------+---------+-------
      Total |      48 |       3 |   5.9 |      19 |       2 |   9.5
            +---------+---------+-------+---------+---------+-------
        D:1 |      28 |       0 |   0.0 |      16 |       0 |   0.0
        D:2 |      20 |       3 |  13.0 |       3 |       2 |  40.0
            +---------+---------+-------+---------+---------+-------
